[Event "Team 45 45 League T33"]
[Site "Internet Chess Club"]
[Date "2007.06.10"]
[Round "8"]
[White "BigNEazy"]
[Black "VentasD"]
[Result "1/2-1/2"]
[WhiteElo "2223"]
[BlackElo "2189"]
[ECO "A11"]
[TimeControl "2700+45"]

1. c4 c6 2. Nf3 Nf6 3. g3 d5 4. Bg2 Nbd7 5. O-O e5 6. b3 Bd6 7. Bb2 O-O 8. d3
Qe7 9. Nbd2 b6 10. a3 Bb7 11. Qc2 a5 12. e4 dxe4 13. Nxe4 Nxe4 14. dxe4 c5 15.
Ne1 Nb8 16. Nd3 Nc6 17. a4 Rad8 18. Rad1 {Game drawn by mutual agreement}
1/2-1/2

[Event "Team 45 45 League T33"]
[Site "Internet Chess Club"]
[Date "2007.06.10"]
[Round "8"]
[White "gorgon"]
[Black "jorobo"]
[Result "0-1"]
[WhiteElo "2130"]
[BlackElo "2172"]
[ECO "E06"]
[TimeControl "2700+45"]

1. d4 d5 2. c4 e6 3. g3 Nf6 4. Bg2 Be7 5. Nf3 O-O 6. O-O c5 7. cxd5 exd5 8. Nc3
Nc6 9. Bg5 Be6 10. Rc1 Ne4 11. Bxe7 Qxe7 12. dxc5 Rfd8 13. Na4 d4 14. Qc2 Bxa2
15. b3 Nb4 16. Qc4 Nc6 17. Ra1 Na5 18. Qb5 Bxb3 19. Qxa5 b6 20. Nxb6 Rab8 21.
Qa3 Nxc5 22. Nd2 Rxb6 23. Rfc1 Qxe2 24. Qxc5 Qxd2 25. Rxa7 Re6 26. Rd7 Ree8 27.
Rxd8 Rxd8 28. Qc7 Qg5 29. h4 Qf6 30. Rc6 Be6 31. Bh3 d3 32. Bxe6 fxe6 33. Rd6
Rxd6 34. Qxd6 Qf5 35. Qd7 h6 36. h5 Kh7 37. Qd4 e5 38. Qd5 g6 39. hxg6+ Kxg6 40.
Qg8+ Kh5 41. Qd5 Kg4 42. Kg2 e4 43. Qd4 Qf3+ 44. Kg1 Kh3 45. Qd7+ Qg4 {White
resigns} 0-1

[Event "Team 45 45 League T33"]
[Site "Internet Chess Club"]
[Date "2007.06.10"]
[Round "8"]
[White "chsrules88"]
[Black "WesleyCrusher"]
[Result "1-0"]
[WhiteElo "2104"]
[BlackElo "2072"]
[ECO "A00"]
[TimeControl "2700+45"]

1. g4 d5 2. Bg2 e5 3. c4 d4 4. Qb3 c6 5. d3 Na6 6. g5 Bb4+ 7. Kd1 Be7 8. Nf3 Nc5
9. Qc2 Qc7 10. Bd2 h6 11. b4 Ne6 12. gxh6 Nxh6 13. Bh3 Ng8 14. Ng1 Nf6 15. Qb2
Nh5 16. Kc2 b5 17. Na3 Nhf4 18. Bf5 g6 19. Be4 bxc4 20. Nxc4 Rb8 21. Qa3 Nd5 22.
Rb1 f5 23. Bf3 Nb6 24. Qb3 Bd7 25. h3 c5 26. b5 Nxc4 27. Qxc4 Qd6 28. a4 Ng5 29.
Bd5 Ne6 30. Nf3 Nc7 31. Bf7+ Kf8 32. Ba5 Ne6 33. Bxg6 Nd8 34. Bxd8 Be6 35. Bc7
Qd7 36. Bxf5 Bxf5 37. Nxe5 Bxd3+ 38. exd3 Qf5 39. Bxb8 {Black resigns} 1-0